AoeStats
← hula

Black Forest

510382202Analyzed
3v3 RM · 1d ago on Sep 30, 2026· 43m 49s· 6 players
Game mode
Random Map
Map size
Normal (6 player)
Population
200
Speed
Normal
Resources
Standard
Victory
Conquest
Starting age
Dark Age
Ending age
Imperial Age
RankedLock teamsTeams togetherTeam positionsShared explorationLock speedFull tech treeHidden civsTurbo modeCheats
Victory
Defeat
🇫🇷 Goths · France
944
+12
🇫🇷 Hindustanis · France
922
+13
🇫🇷 Portuguese · France
851
+16
🇨🇦 Tatars · Canada
861
-14
🇨🇳 Georgians · China
853
-38
🇬🇧 Persians · United Kingdom
838
-13
Gurman8777
0:27 Loom
13:51 Feudal Age
14:11 Double-Bit Axe
14:10 Horse Collar
16:52 Gold Mining
16:52 Stone Mining
22:34 Castle Age
21:30 Scale Mail Armor
28:35 Heavy Plow
29:49 Wheelbarrow
35:23 Imperial Age
34:38 Scale Barding Armor
34:49 Chain Mail Armor
35:32 Gold Shaft Mining
34:59 Padded Archer Armor
37:26 Hand Cart
40:01 Elite Skirmisher
41:19 Crop Rotation
41:42 Chain Barding Armor
41:52 Plate Mail Armor
41:38 Leather Archer Armor
DingZ
2:07 Loom
13:23 Feudal Age
16:35 Scale Barding Armor
19:15 Castle Age
17:29 Fletching
17:31 Double-Bit Axe
18:38 Forging
18:12 Horse Collar
21:56 Chain Barding Armor
24:31 Pikeman
25:33 Heavy Plow
28:47 Wheelbarrow
31:02 Hand Cart
30:49 Bodkin Arrow
30:21 Man-at-Arms
31:35 Bow Saw
33:46 Ballistics
36:10 Imperial Age
37:35 Bracer
37:15 Heavy Cavalry Archer
39:03 Onager
42:11 Chemistry
40:36 Elite Steppe Lancer
41:22 Long Swordsman
41:27 Elite Skirmisher
42:54 Iron Casting
42:06 Two-Handed Swordsman
42:54 Gold Mining
ninghaochang
10:58 Feudal Age
12:18 Double-Bit Axe
15:36 Wheelbarrow
18:57 Gold Mining
22:55 Horse Collar
27:42 Stone Mining
32:50 Castle Age
31:03 Man-at-Arms
32:01 Bloodlines
34:04 Bow Saw
34:14 Bow Saw
36:52 Stone Shaft Mining
36:24 Heavy Plow
35:58 Long Swordsman
36:00 Pikeman
36:04 Light Cavalry
36:48 Husbandry
37:38 Hand Cart
39:06 Gambesons
39:23 Squires
39:09 Arson
DecmaFR
0:54 Loom
11:17 Feudal Age
14:51 Man-at-Arms
19:25 Castle Age
19:28 Castle Age
18:20 Scale Mail Armor
18:15 Horse Collar
19:27 Double-Bit Axe
19:57 Gold Mining
23:09 Treadmill Crane
24:18 Heavy Plow
29:23 Imperial Age
27:05 Town Watch
27:22 Heavy Plow
27:34 Bow Saw
28:41 Chain Mail Armor
29:10 Ballistics
29:32 Town Patrol
29:35 Long Swordsman
30:30 Husbandry
31:34 Chemistry
31:14 Forging
32:35 Iron Casting
32:41 Wheelbarrow
32:15 Squires
34:18 Blast Furnace
33:14 Stone Mining
33:38 Two-Handed Swordsman
34:10 Pikeman
35:19 Halberdier
37:20 Caravan
37:49 Conscription
37:31 Anarchy
38:43 Two-Man Saw
39:07 Perfusion
41:39 Anarchy
41:01 Elite Huskarl
SGC Carter
0:39 Loom
13:10 Feudal Age
14:36 Man-at-Arms
15:02 Arson
16:00 Horse Collar
17:26 Gold Mining
23:08 Castle Age
22:22 Forging
22:13 Scale Mail Armor
23:20 Stone Mining
24:18 Double-Bit Axe
25:03 Caravan
26:54 Coinage
28:20 Bow Saw
28:33 Chain Mail Armor
29:14 Husbandry
30:29 Iron Casting
32:46 Wheelbarrow
31:56 Town Watch
33:22 Bloodlines
32:34 Long Swordsman
32:59 Gambesons
37:26 Imperial Age
35:06 Scale Barding Armor
39:08 Chemistry
38:20 Pikeman
38:52 Halberdier
39:56 Onager
40:57 Two-Handed Swordsman
41:42 Arquebus
43:06 Ballistics
43:11 Champion
hula
0:45 Loom
10:56 Feudal Age
19:34 Double-Bit Axe
20:24 Bloodlines
22:43 Castle Age
24:30 Bow Saw
25:05 Stone Mining
25:10 Light Cavalry
26:54 Husbandry
29:15 Horse Collar
29:59 Caravan
32:08 Caravan
35:43 Imperial Age
33:30 Fortified Wall
35:11 Herbal Medicine
37:13 Conscription
37:33 Hoardings
38:14 Chemistry
38:13 Wheelbarrow
37:58 Devotion
38:30 Illumination
38:25 Thumb Ring
39:58 Heavy Camel Rider
Connection lost

Rejoining the realm…

Still unreachable

The connection could not be restored.

Session expired

The server has moved on; the page needs a fresh start.